Map: Catalyst LE

Players

Nerchio - Winner!

  • Race: Zerg Zerg
  • League: Grandmaster
  • Spawn Location: 5:00

Lambo

  • Race: Zerg Zerg
  • League: Master
  • Spawn Location: 11:00

Event: WESG Barcelona European Finals 2017

VOD

Have the link to the VOD?

Description

Time

  • Played on: Nov. 24, 2017, 7:21 a.m.
  • Length: 8:27

All games in this series

Show
View Real Time Build Order
Export as new Build Order

Nerchio Zerg - Winner!

Build Orders: Hatch First 

Get SALT Encoding   

  12  0:00  Drone  
  13  0:12  Overlord  
  13  0:17  Drone  
  14  0:31  Drone x2  
  14  0:35  Drone  
  17  0:52  Hatchery  
  17  0:55  Drone  
  17  0:57  Drone  
  17  0:59  Extractor  
  17  1:14  Spawning Pool  
  17  1:17  Drone  
  17  1:21  Drone  
  18  1:28  Drone  
  19  1:41  Overlord  
  19  1:50  Drone  
  20  2:01  Queen, Metabolic Boost  
  22  2:03  Queen  
  22  2:07  Zergling x2  
  25  2:10  Zergling x2  
  25  2:13  Drone  
  27  2:16  Drone  
  27  2:22  Drone  
  29  2:26  Drone  
  30  2:33  Zergling x2  
  31  2:43  Hatchery  
  30  2:48  Baneling Nest  
  30  2:49  Drone  
  30  2:51  Drone  
  30  2:54  Drone  
  30  2:56  Drone  
  33  3:02  Overlord  
  33  3:05  Drone  
  34  3:08  Zergling x2  
  35  3:13  Zergling x2  
  36  3:24  Drone x2  
  36  3:25  Drone x4  
  42  3:36  Queen  
  42  3:38  Baneling x2  
  42  3:39  Overlord  
  44  3:42  Overlord  
  44  3:45  Overlord  
  43  3:54  Queen  
  44  3:57  Zergling x8  
  44  3:58  Zergling x2  
  49  4:03  Zergling x4  
  49  4:05  Evolution Chamber  
  50  4:16  Baneling x2  
  51  4:17  Drone x4  
  51  4:21  Drone x2  
  51  4:22  Drone  
  51  4:23  Drone  
  58  4:25  Drone  
  58  4:27  Zergling x2  
  58  4:29  Baneling x2, Drone  
  60  4:35  Roach Warren  
  60  4:37  Zerg Missile Weapons Level 1  
  53  4:39  Drone  
  53  4:41  Drone  
  53  4:43  Drone  
  53  4:45  Drone  
  57  4:50  Drone  
  57  4:51  Drone x2  
  55  5:00  Zergling x6  
  55  5:05  Zergling x4  
  55  5:06  Zergling x8  
  59  5:07  Zergling x2  
  59  5:10  Zergling x2  
  59  5:12  Zergling x2  
  62  5:15  Extractor  
  62  5:16  Zergling x2  
  62  5:18  Baneling  
  62  5:19  Baneling x2  
  62  5:23  Extractor  
  62  5:27  Drone x5  
  62  5:28  Drone  
  67  5:29  Drone  
  69  5:35  Drone  
  69  5:39  Drone x5  
  69  5:40  Drone  
  73  5:42  Lair  
  73  5:46  Overlord  
  73  5:52  Overlord  
  73  6:02  Roach  
  73  6:03  Overlord x2  
  73  6:08  Overlord  
  73  6:09  Roach, Overlord  
  75  6:15  Roach x5  
  75  6:16  Overlord x2  
  85  6:19  Roach  
  85  6:22  Roach  
  88  6:26  Overlord  
  87  6:34  Roach x2  
  87  6:39  Glial Reconstitution  
  91  6:41  Roach x2  
  91  6:44  Drone  
  91  6:45  Drone x3, Extractor  
  98  6:49  Overlord  
  98  6:50  Roach x3  
  98  6:53  Overlord  
  104  6:56  Roach  
  104  7:00  Roach  
  108  7:03  Roach, Overlord  
  108  7:04  Roach  
  108  7:05  Roach  
  114  7:09  Roach  
  114  7:13  Roach x2  
  120  7:18  Roach x2  
  120  7:20  Roach  
  126  7:23  Overlord  
  126  7:25  Roach x2  
  126  7:28  Roach  
  126  7:29  Roach  
  134  7:33  Roach  
  134  7:34  Roach  
  134  7:35  Overlord  
  137  7:41  Overlord  
  137  7:43  Roach x2  
  137  7:44  Roach x2  
  140  7:45  Roach  
  140  7:48  Roach  
  140  7:49  Drone x3  
  140  7:50  Extractor  
  140  7:51  Drone  
  147  7:53  Overlord  
Show
View Real Time Build Order
Export as new Build Order

Lambo Zerg 

Build Orders: Hatch First 

Get SALT Encoding   

  12  0:00  Drone  
  13  0:12  Overlord  
  13  0:18  Drone  
  14  0:31  Drone x2  
  14  0:34  Drone  
  17  0:52  Hatchery  
  17  0:55  Drone  
  17  0:58  Drone  
  18  1:04  Extractor  
  17  1:13  Spawning Pool  
  17  1:16  Drone  
  17  1:20  Drone  
  18  1:28  Drone  
  19  1:39  Overlord  
  19  1:50  Drone  
  20  2:00  Zergling x2, Queen  
  23  2:03  Queen  
  23  2:04  Zergling x2  
  23  2:07  Metabolic Boost  
  26  2:12  Drone  
  28  2:15  Drone  
  28  2:22  Drone  
  29  2:32  Drone  
  30  2:37  Hatchery  
  30  2:40  Drone  
  30  2:48  Drone, Baneling Nest  
  30  2:55  Overlord  
  30  2:58  Drone  
  31  3:00  Drone  
  32  3:06  Drone  
  32  3:07  Zergling x2  
  32  3:12  Zergling x4  
  36  3:15  Zergling x6  
  36  3:19  Zergling x2  
  40  3:23  Zergling x4  
  41  3:36  Baneling x2  
  41  3:37  Zergling x6  
  43  3:41  Overlord  
  43  3:48  Drone  
  43  3:49  Drone x5  
  49  3:56  Drone  
  49  4:01  Baneling x2  
  50  4:06  Baneling x2  
  50  4:07  Drone x3  
  53  4:10  Drone  
  53  4:16  Drone x2  
  55  4:17  Roach Warren  
  55  4:19  Evolution Chamber  
  50  4:27  Drone x2  
  50  4:28  Drone x4  
  50  4:29  Drone  
  55  4:32  Extractor  
  55  4:35  Zergling x8  
  57  4:40  Baneling  
  57  4:41  Zergling x2  
  57  4:45  Zerg Missile Weapons Level 1  
  55  4:46  Extractor  
  55  4:47  Zergling x6  
  55  4:52  Zergling x4  
  51  5:09  Zergling x2  
  51  5:10  Overlord  
  51  5:13  Overlord  
  51  5:14  Lair  
  52  5:19  Hatchery  
  51  5:23  Overlord  
  51  5:26  Queen  
  51  5:27  Overlord  
  52  5:28  Overlord  
  52  5:31  Baneling  
  52  5:35  Roach x2  
  53  5:40  Roach x2  
  57  5:46  Roach x2  
  60  5:50  Roach x2  
  60  5:55  Drone  
  65  5:59  Roach x2  
  66  6:04  Baneling x2  
  66  6:09  Roach x2  
  70  6:12  Glial Reconstitution  
  70  6:18  Overlord  
  72  6:25  Roach  
  72  6:26  Roach x3  
  72  6:31  Overlord  
  76  6:34  Drone  
  76  6:35  Drone  
  76  6:36  Roach  
  76  6:37  Roach  
  76  6:38  Hatchery  
  81  6:50  Drone x2, Extractor  
  81  6:52  Hydralisk Den  
  81  6:55  Drone x2  
  84  7:04  Drone x2  
  84  7:05  Drone x2  
  84  7:07  Drone x3  
  91  7:15  Roach  
  93  7:19  Roach x2  
  97  7:29  Roach  
  99  7:32  Overlord  
  99  7:33  Overlord  
  95  7:39  Overlord  
  95  7:41  Roach x2  
  95  7:43  Overlord  
  97  7:44  Roach  
  97  7:46  Overlord  
  97  7:48  Overlord  
  97  7:50  Overlord, Ravager x2  
  101  7:52  Ravager  
  101  7:53  Roach  
  101  7:56  Roach  
  108  8:02  Roach  
  104  8:07  Roach x4  
Tags
 
Add a new tag
Caveats
  • Supply blocks, unpowered buildings, or Contaminate may cause inaccurate times.
  • Supply counts are checked every 10 seconds.